 Dungeon Crawl Stone Soup version 0.31-a0-692-gf03d1854d5 (webtiles) character file.

Game seed: 6177541941863411323

16982 qw the Marksgargoyle (level 12, -3/80 HPs)
             Began as a Gargoyle Hunter on Sept 6, 2023.
             Was a Priest of Okawaru.
             Slain by a cane toad (18 damage)
             ... on level 2 of the Lair of Beasts.
             The game lasted 00:06:07 (10478 turns).

qw the Marksgargoyle (Gargoyle Hunter)             Turns: 10478, Time: 00:06:07

Health: -3/80      AC: 18    Str: 19    XL:     12   Next: 43%
Magic:  33/33      EV: 17    Int: 10    God:    Okawaru [***...]
Gold:   1776       SH:  5    Dex: 16    Spells: 11/11 levels left

rFire   . . .        Y - +0 orcbow
rCold   . . .        (shield currently unavailable)
rNeg    + + .        j - +3 leather armour "Nuveexi" {MP+9}
rPois   inf          l - +1 helmet
rElec   +            (no cloak)
rCorr   .            (no gloves)
SInv    +            (no boots)
Will    .....        i - amulet of reflection
Stlth   +++          b - +4 ring of slaying {mikee}
HPRegen 0.33/turn    f - ring "Qubbenau" {+Blink Fly rN+ MP+9 Slay-3}
MPRegen 0.23/turn

%: reflection
@: about to teleport, heroic, flying
A: sickness immunity, AC +8, negative energy resistance 1, electricity
resistance, torment resistance 1, petrification resistance, see invisible,
strong 1
a: Renounce Religion, Evoke Blink, Heroism


You were on level 2 of the Lair of Beasts.
You worshipped Okawaru.
Okawaru was most pleased with you.
You visited 3 branches of the dungeon, and saw 12 of its levels.

You collected 1776 gold pieces.


Innate Abilities, Weirdness & Mutations

You are immune to sickness and miasma.
Your stone body is resilient. (AC +8)
You are immune to poison.
You resist negative energy. (rN+)
You are resistant to electric shocks. (rElec)
You are resistant to unholy torment.
You are immune to petrification.
You have supernaturally acute eyesight. (SInv)
Your muscles are strong. (Str +4, Int/Dex -1)


   Skills:
 + Level 11.0(16.0) Fighting
 - Level 16.0(21.0) Ranged Weapons
 - Level 3.0(8.0) Armour
 - Level 5.0(10.0) Dodging
 - Level 1.1(6.1) Stealth
 - Level 4.1 Invocations


You had 11 spell levels left.
You didn't know any spells.
Your spell library was empty.

Inventory:

Hand Weapons
 Y - a +0 orcbow (weapon)
Armour
 j - the +3 leather armour "Nuveexi" (worn) {MP+9}
   (You found it on level 6 of the Dungeon)

   MP+9:      It affects your magic capacity (+9).
 l - a +1 helmet (worn)
 q - a +0 pair of gloves
Jewellery
 b - a +4 ring of slaying (left hand) {mikee}
 f - the ring "Qubbenau" (right hand) {+Blink Fly rN+ MP+9 Slay-3}
   (You found it on level 4 of the Dungeon)

   [ring of magical power]

   Slay-3:    It affects your accuracy & damage with ranged weapons and melee
   (-3).
   rN+:       It protects you from negative energy.
   MP+9:      It affects your magic capacity (+9).
   Fly:       It grants you flight.
   +Blink:    It lets you blink.
 i - an amulet of reflection (around neck)
 p - a ring of resist corrosion
Scrolls
 e - a scroll of identify
Potions
 c - a potion of haste
 d - a potion of magic {unknown}
 g - a potion of enlightenment
 k - 7 potions of curing
 m - a potion of might {unknown}
 n - 2 potions of degeneration {unknown}
 o - a potion of experience {unknown}

Dungeon Overview and Level Annotations

Branches:
Dungeon (9/15)             Temple (1/1) D:7            Lair (2/5) D:8
  Swamp (0/4) Lair:2          Orc (0/2) D:9
  Snake: Lair:2-3    Spider: Lair:2-3

Altars:
Ashenzari
Cheibriados
Dithmenos
Elyvilon
Fedhas
Gozag
Hepliaklqana
Kikubaaqudgha
Makhleb
Nemelex Xobeh
Okawaru
Qazlal
Ru
Sif Muna
Trog
Uskayaw
Vehumet
Wu Jian
Xom
Yredelemnul
Zin
The Shining One

Annotations:
D:3 2 transporters, qw's ghost, amateur GrHu


Message History

The skyshark barely misses you. The wolf completely misses you.
You shoot an arrow. The arrow hits the skyshark!!
You kill the skyshark!
Okawaru is honoured by your kill.
Your surroundings suddenly seem different.
A cane toad, 4 wolves and a water moccasin come into view.
Found a fluorescent wand, a sling and 19 gold pieces.
The cane toad croaks.
The water moccasin hisses angrily.
The wolf howls! x2
Your base Fighting skill increases to level 11!
Enter note:
Enter note:
Enter note:
10475 |||
Found retreat position at 5,4 (floor) with 0 blocking monsters and 2 monsters attacking at destination at distance 5
Enter note:
Enter note:
Enter note:
10475 |||
Found retreat position at -4,16 (floor) with 0 blocking monsters and 1 monsters attacking at destination at distance 16
10475 ||| RETREATING.
The wolf howls! x2
Enter note:
Enter note:
Enter note:
Enter note:
Enter note:
10476 |||
Found retreat position at 6,3 (floor) with 0 blocking monsters and 2 monsters attacking at destination at distance 6
10476 ||| READING scroll of teleportation.
As you read the scroll of teleportation, it crumbles to dust.
You feel strangely unstable.
10477 |||
Found retreat position at 6,3 (floor) with 0 blocking monsters and 2 monsters attacking at destination at distance 6
10477 ||| Stepping ~*~*~tactically~*~*~ (retreating).
The wolf barely misses you. The wolf bites you but does no damage.
The wolf misses you. The water moccasin closely misses you.
The cane toad misses you. The wolf bites you but does no damage.
The wolf closely misses you.
The water moccasin bites you but does no damage.
The wolf misses you.
10478 |||
Found retreat position at 5,4 (floor) with 0 blocking monsters and 2 monsters attacking at destination at distance 5
10478 ||| Stepping ~*~*~tactically~*~*~ (retreating).
The cane toad stings you!!
You die...

........#
.........# ~
.........# P~
#.......# .P~
#.......# ...~
#.......###..$.P
#.....hh........
#/.hh@.......
##..SF.......
#.....)....#
#.......#.##
#..........#
##......####
.........
#..........
###...........


You could see a cane toad, a water moccasin and 4 wolves.

Vanquished Creatures
  An eleionoma (Lair:2)
  4 two-headed ogres
  A skyshark (Lair:2)
  A faun (Lair:1)
  2 black mambas (Lair:1)
  Joseph (D:8)
  Maggie (D:8)
  5 cane toads
  3 komodo dragons
  2 burning bushes (Lair:2)
  3 blink frogs (Lair:1)
  A hornet (D:7)
  A dream sheep (D:7)
  13 yaks
  A wyvern (D:7)
  A wraith (D:8)
  Grum (D:8)
  A basilisk (Lair:1)
  2 steam dragons
  6 water moccasins
  3 ice beasts
  A sky beast (D:7)
  4 ogres
  7 wolves
  An orc warrior (D:9)
  A phantom (D:5)
  10 centaurs
  A kobold brigand (D:9)
  5 bullfrogs
  A gnoll sergeant (D:6)
  5 scorpions
  12 wights
  2 howler monkeys
  4 hounds
  6 jellies
  4 orc priests
  2 gnoll boudas
  3 sleepcaps
  9 orc wizards
  4 iguanas
  9 adders
  10 gnolls
  2 shadow imps
  2 white imps
  3 ufetubi
  3 dart slugs
  17 orcs
  8 ball pythons
  10 endoplasms
  A giant cockroach (D:3)
  19 goblins
  13 hobgoblins
  11 kobolds
  7 quokkas
  9 bats
  10 frilled lizards
  3 rats (D:1)
273 creatures vanquished.

Vanquished Creatures (others)
  4 dream sheep (D:7)
4 creatures vanquished.

Grand Total: 277 creatures vanquished

Notes
Turn   | Place    | Note
-------+----------+-------------------------------------------
     0 | D:1      | qw the Gargoyle Hunter began the quest for the Orb.
     0 | D:1      | Reached XP level 1. HP: 12/12 MP: 1/1
     0 | D:1      | 0 ||| qw: Version: 0.3-a-76-g4403597
     0 | D:1      | 0 ||| qw: Game counter: 234
     0 | D:1      | 0 ||| qw: Melee chars always use a shield: true
     0 | D:1      | 0 ||| qw: God list: Okawaru
     0 | D:1      | 0 ||| qw: Allow faded altars: false
     0 | D:1      | 0 ||| qw: Do Orc after clearing Dungeon:15 true
     0 | D:1      | 0 ||| qw: Do second Lair branch before Depths: true
     0 | D:1      | 0 ||| qw: Lair rune preference: random
     0 | D:1      | 0 ||| qw: Goals: Normal
     0 | D:1      | 0 ||| PLANNING D:1-11
    28 | D:1      | Found a faded altar of an unknown god.
    50 | D:1      | Reached XP level 2. HP: 17/17 MP: 2/2
   191 | D:1      | Reached XP level 3. HP: 18/21 MP: 3/3
   202 | D:1      | Reached skill level 5 in Ranged Weapons
   667 | D:1      | 667 ||| UPGRADING to +0 ring mail.
   677 | D:1      | 677 ||| DROPPING +0 leather armour.
   678 | D:1      | 678 ||| UPGRADING to +0 helmet.
   683 | D:1      | 683 ||| READING scroll labelled JOHAPI LONOU.
   684 | D:1      | 684 ||| READING scroll labelled GUC WAVOSSOZXOU.
   687 | D:1      | 687 ||| DRINKING 2 red potions.
   688 | D:1      | 688 ||| DROPPING scroll of butterflies.
   697 | D:2      | 697 ||| STAIRDANCE
   813 | D:2      | Reached skill level 1 in Armour
   950 | D:2      | 950 ||| FLEEEEING.
   951 | D:2      | 951 ||| FLEEEEING.
   952 | D:2      | 952 ||| FLEEEEING.
   953 | D:2      | 953 ||| FLEEEEING.
   954 | D:2      | 954 ||| FLEEEEING.
   955 | D:2      | 955 ||| FLEEEEING.
   962 | D:2      | Reached skill level 3 in Fighting
   962 | D:2      | Reached XP level 4. HP: 26/28 MP: 4/4
  1056 | D:2      | Identified the +0 ring mail "Kurof" {*Slow Str+7 Int+2
                  | Slay+3}
  1091 | D:2      | Found a sacrificial altar of Ru.
  1269 | D:2      | 1269 ||| FLEEEEING.
  1270 | D:2      | 1270 ||| FLEEEEING.
  1271 | D:2      | 1271 ||| FLEEEEING.
  1419 | D:2      | 1419 ||| UPGRADING to +0 ring mail "Kurof" {*Slow Str+7
                  | Int+2 Slay+3}.
  1429 | D:2      | 1429 ||| DROPPING +0 ring mail.
  1430 | D:2      | 1430 ||| UPGRADING to +4 ring of slaying {mikee}.
  1471 | D:3      | Noticed qw's ghost (amateur GrHu)
  1482 | D:3      | Found a transporter.
  1501 | D:3      | Found a transporter.
  1992 | D:3      | 1992 ||| READING scroll labelled TYZEKAZX WAFIO.
  1993 | D:3      | 1993 ||| READING 2 scrolls labelled FUFESTR HITZE.
  1994 | D:3      | 1994 ||| READING scroll labelled ZUKKIS BARCH.
  1995 | D:3      | 1995 ||| DRINKING 2 fizzy cyan potions.
  2031 | D:3      | 2031 ||| DRINKING 2 fuming green potions.
  2032 | D:3      | 2032 ||| DROPPING scroll of noise.
  2033 | D:3      | 2033 ||| DROPPING potion of lignification.
  2061 | D:4      | Noticed an ogre
  2069 | D:4      | Killed an ogre
  2070 | D:4      | Reached skill level 6 in Ranged Weapons
  2070 | D:4      | Reached XP level 5. HP: 9/32 MP: 5/5
  2261 | D:4      | Reached XP level 6. HP: 38/38 MP: 6/6
  2277 | D:4      | 2277 ||| FLEEEEING.
  2278 | D:4      | 2278 ||| FLEEEEING.
  2279 | D:4      | 2279 ||| FLEEEEING.
  2280 | D:4      | 2280 ||| FLEEEEING.
  2281 | D:4      | 2281 ||| FLEEEEING.
  2282 | D:4      | 2282 ||| FLEEEEING.
  2283 | D:4      | 2283 ||| FLEEEEING.
  2284 | D:4      | 2284 ||| FLEEEEING.
  2285 | D:4      | 2285 ||| FLEEEEING.
  2287 | D:4      | 2287 ||| FLEEEEING.
  2288 | D:4      | 2288 ||| FLEEEEING.
  2289 | D:4      | 2289 ||| FLEEEEING.
  2290 | D:4      | 2290 ||| FLEEEEING.
  2291 | D:4      | 2291 ||| FLEEEEING.
  2292 | D:4      | 2292 ||| FLEEEEING.
  2294 | D:4      | 2294 ||| FLEEEEING.
  2295 | D:4      | 2295 ||| FLEEEEING.
  2296 | D:4      | 2296 ||| FLEEEEING.
  2297 | D:4      | 2297 ||| STAIRDANCE
  2343 | D:4      | 2343 ||| STAIRDANCE
  2390 | D:4      | 2390 ||| STAIRDANCE
  2403 | D:3      | Reached skill level 7 in Ranged Weapons
  2459 | D:4      | Identified the ring "Qubbenau" {+Blink Fly rN+ MP+9 Slay-3}
  2583 | D:4      | 2583 ||| UPGRADING to ring "Qubbenau" {+Blink Fly rN+ MP+9
                  | Slay-3}.
  2679 | D:4      | Reached XP level 7. HP: 43/43 MP: 7/7
  2825 | D:4      | 2825 ||| RETREATING.
  2890 | D:4      | Found a glowing golden altar of the Shining One.
  3060 | D:4      | 3060 ||| READING scroll labelled WAOCIE ZODOAM.
  3061 | D:4      | 3061 ||| READING scroll labelled JALLUGH MUXT.
  3062 | D:4      | 3062 ||| READING scroll labelled DICEIFRAMMO.
  3063 | D:4      | 3063 ||| DRINKING 3 fuming sapphire potions.
  3064 | D:4      | 3064 ||| DROPPING 2 potions of attraction.
  3080 | D:5      | Entered Level 5 of the Dungeon
  3158 | D:5      | Reached skill level 8 in Ranged Weapons
  3158 | D:5      | Found a bloodstained altar of Trog.
  3484 | D:5      | Reached skill level 3 in Armour
  3484 | D:5      | Reached XP level 8. HP: 49/49 MP: 8/8
  3562 | D:5      | 3562 ||| Stepping ~*~*~tactically~*~*~ (outnumbered).
  3596 | D:5      | Reached skill level 9 in Ranged Weapons
  3811 | D:5      | Reached skill level 6 in Fighting
  4016 | D:5      | 4016 ||| UPGRADING to amulet of reflection.
  4021 | D:5      | 4021 ||| READING scroll labelled ERUONLASIC.
  4122 | D:5      | 4122 ||| READING scroll labelled ILOKIM BOSM.
  4123 | D:5      | 4123 ||| DRINKING 3 blue potions.
  4124 | D:5      | 4124 ||| DRINKING 2 white potions.
  4124 | D:5      | Gained mutation: You are partially covered in iridescent
                  | scales. (AC +2) [potion of mutation]
  4124 | D:5      | Gained mutation: You occasionally lose the ability to read
                  | scrolls when taking damage. [potion of mutation]
  4125 | D:5      | 4125 ||| DRINKING potion of mutation.
  4125 | D:5      | Lost mutation: You occasionally lose the ability to read
                  | scrolls when taking damage. [potion of mutation]
  4125 | D:5      | Lost mutation: You are partially covered in iridescent
                  | scales. (AC +2) [potion of mutation]
  4125 | D:5      | Gained mutation: You have supernaturally acute eyesight.
                  | (SInv) [potion of mutation]
  4125 | D:5      | Gained mutation: Your muscles are strong. (Str +4, Int/Dex
                  | -1) [potion of mutation]
  4126 | D:5      | 4126 ||| DROPPING 2 potions of brilliance.
  4156 | D:6      | 4156 ||| STAIRDANCE
  4322 | D:6      | 4322 ||| Stepping ~*~*~tactically~*~*~ (outnumbered).
  4324 | D:6      | 4324 ||| RETREATING.
  4329 | D:6      | 4329 ||| Stepping ~*~*~tactically~*~*~ (outnumbered).
  4332 | D:6      | 4332 ||| Stepping ~*~*~tactically~*~*~ (outnumbered).
  4345 | D:6      | 4345 ||| Stepping ~*~*~tactically~*~*~ (retreating).
  4346 | D:6      | 4346 ||| Stepping ~*~*~tactically~*~*~ (retreating).
  4347 | D:6      | 4347 ||| Stepping ~*~*~tactically~*~*~ (retreating).
  4353 | D:6      | HP: 11/51 [gnoll/+0 spear[a gnoll sergeant] (4)]
  4354 | D:6      | 4354 ||| READING 3 scrolls of teleportation.
  4355 | D:6      | 4355 ||| DRINKING 5 potions of heal wounds.
  4484 | D:6      | Reached skill level 10 in Ranged Weapons
  4494 | D:6      | Reached XP level 9. HP: 42/56 MP: 9/9
  4778 | D:6      | Identified the +3 leather armour "Nuveexi" {MP+9}
  5248 | D:6      | Reached skill level 3 in Dodging
  5365 | D:6      | 5365 ||| UPGRADING to +3 leather armour "Nuveexi" {MP+9}.
  5375 | D:6      | 5375 ||| DROPPING +0 ring mail "Kurof" {*Slow Str+7 Int+2
                  | Slay+3}.
  5420 | D:6      | 5420 ||| READING scroll labelled QOQOMN YRYOKK.
  5421 | D:6      | 5421 ||| READING scroll labelled KETEBI PAQILYI.
  5422 | D:6      | 5422 ||| READING 2 scrolls of identify.
  5422 | D:6      | 5422 ||| IDENTIFYING dark potion
  5555 | D:7      | Found a staircase to the Ecumenical Temple.
  5556 | D:7      | 5556 ||| PLANNING TEMPLE
  5564 | Temple   | Entered the Ecumenical Temple
  5565 | Temple   | 5565 ||| PLANNING D:1-11
  5750 | D:7      | 5750 ||| SWAPPING to +0 orcbow.
  5755 | D:7      | Reached skill level 11 in Ranged Weapons
  5755 | D:7      | 5755 ||| DROPPING +0 shortbow of flaming.
  5770 | D:7      | 5770 ||| READING scroll of enchant armour.
  5770 | D:7      | 5770 ||| ENCHANTING +0 helmet.
  5886 | D:7      | Noticed a two-headed ogre
  5895 | D:7      | Killed a two-headed ogre
  5896 | D:7      | Reached skill level 9 in Fighting
  5896 | D:7      | Reached XP level 10. HP: 40/66 MP: 10/10
  6032 | D:7      | Found a shimmering altar of Xom.
  6534 | D:8      | Reached skill level 12 in Ranged Weapons
  6618 | D:8      | Found a radiant altar of Vehumet.
  6632 | D:8      | Noticed Grum
  6633 | D:8      | 6633 ||| Stepping ~*~*~tactically~*~*~ (retreating).
  6634 | D:8      | 6634 ||| Stepping ~*~*~tactically~*~*~ (retreating).
  6638 | D:8      | 6638 ||| Stepping ~*~*~tactically~*~*~ (retreating).
  6651 | D:8      | HP: 5/66 [Grum/+0 vampiric glaive (16)]
  6652 | D:8      | 6652 ||| READING 6 scrolls of teleportation.
  6653 | D:8      | 6653 ||| DRINKING 4 potions of heal wounds.
  6656 | D:8      | Found a glowing silver altar of Zin.
  6656 | D:8      | Found an iron altar of Okawaru.
  6656 | D:8      | Found a sparkling altar of Nemelex Xobeh.
  6657 | D:8      | 6657 ||| PLANNING OKAWARU WORSHIP
  6780 | D:8      | Became a worshipper of Warmaster Okawaru
  6781 | D:8      | 6781 ||| PLANNING D:1-11
  6781 | D:8      | 6781 ||| Stepping randomly (stuck).
  6782 | D:8      | 6782 ||| Stepping randomly (stuck).
  6783 | D:8      | 6783 ||| Stepping randomly (stuck).
  6784 | D:8      | 6784 ||| Stepping randomly (stuck).
  6785 | D:8      | 6785 ||| Stepping randomly (stuck).
  6786 | D:8      | 6786 ||| Stepping randomly (stuck).
  6787 | D:8      | 6787 ||| Stepping randomly (stuck).
  6788 | D:8      | 6788 ||| Stepping randomly (stuck).
  6789 | D:8      | 6789 ||| Stepping randomly (stuck).
  6790 | D:8      | 6790 ||| Stepping randomly (stuck).
  6791 | D:8      | 6791 ||| Stepping randomly (stuck).
  6792 | D:8      | 6792 ||| Stepping randomly (stuck).
  6793 | D:8      | 6793 ||| Stepping randomly (stuck).
  6794 | D:8      | 6794 ||| Stepping randomly (stuck).
  6795 | D:8      | 6795 ||| Stepping randomly (stuck).
  6796 | D:8      | 6796 ||| Stepping randomly (stuck).
  6797 | D:8      | 6797 ||| Stepping randomly (stuck).
  6798 | D:8      | 6798 ||| Stepping randomly (stuck).
  6799 | D:8      | 6799 ||| Stepping randomly (stuck).
  6800 | D:8      | 6800 ||| Stepping randomly (stuck).
  6801 | D:8      | 6801 ||| Stepping randomly (stuck).
  6802 | D:8      | 6802 ||| Stepping randomly (stuck).
  6803 | D:8      | 6803 ||| Stepping randomly (stuck).
  6804 | D:8      | 6804 ||| Stepping randomly (stuck).
  6805 | D:8      | 6805 ||| Stepping randomly (stuck).
  6806 | D:8      | 6806 ||| Stepping randomly (stuck).
  6807 | D:8      | 6807 ||| Stepping randomly (stuck).
  6808 | D:8      | 6808 ||| Stepping randomly (stuck).
  6809 | D:8      | 6809 ||| Stepping randomly (stuck).
  6810 | D:8      | 6810 ||| Stepping randomly (stuck).
  6811 | D:8      | 6811 ||| Stepping randomly (stuck).
  6812 | D:8      | 6812 ||| Stepping randomly (stuck).
  6813 | D:8      | 6813 ||| Stepping randomly (stuck).
  6814 | D:8      | 6814 ||| Stepping randomly (stuck).
  6815 | D:8      | 6815 ||| Stepping randomly (stuck).
  6816 | D:8      | 6816 ||| Stepping randomly (stuck).
  6817 | D:8      | 6817 ||| Stepping randomly (stuck).
  6818 | D:8      | 6818 ||| Stepping randomly (stuck).
  6819 | D:8      | 6819 ||| Stepping randomly (stuck).
  6820 | D:8      | 6820 ||| Stepping randomly (stuck).
  6821 | D:8      | 6821 ||| Stepping randomly (stuck).
  6822 | D:8      | 6822 ||| Stepping randomly (stuck).
  6823 | D:8      | 6823 ||| Stepping randomly (stuck).
  6824 | D:8      | 6824 ||| Stepping randomly (stuck).
  6825 | D:8      | 6825 ||| Stepping randomly (stuck).
  6826 | D:8      | 6826 ||| Stepping randomly (stuck).
  6827 | D:8      | 6827 ||| Stepping randomly (stuck).
  6828 | D:8      | 6828 ||| Stepping randomly (stuck).
  6829 | D:8      | 6829 ||| Stepping randomly (stuck).
  6830 | D:8      | 6830 ||| Stepping randomly (stuck).
  6831 | D:8      | 6831 ||| Stepping randomly (stuck).
  6832 | D:8      | 6832 ||| READING 5 scrolls of teleportation.
  6871 | D:8      | Killed Grum
  7027 | D:9      | Noticed a two-headed ogre
  7028 | D:9      | 7028 ||| STAIRDANCE
  7066 | D:9      | Killed a two-headed ogre
  7067 | D:9      | Reached skill level 13 in Ranged Weapons
  7067 | D:9      | 7067 ||| STAIRDANCE
  7241 | D:9      | Noticed a two-headed ogre
  7261 | D:9      | HP: 12/66 [two-headed ogre/+0 giant club (13)]
  7262 | D:9      | 7262 ||| READING 4 scrolls of teleportation.
  7263 | D:9      | 7263 ||| DRINKING 3 potions of heal wounds.
  7265 | D:9      | Killed a two-headed ogre
  7265 | D:9      | Reached * piety under Okawaru
  7402 | D:9      | Found a staircase to the Orcish Mines.
  7422 | D:9      | 7422 ||| Stepping ~*~*~tactically~*~*~ (outnumbered).
  7440 | D:9      | 7440 ||| INVOKING Heroism.
  7531 | D:9      | 7531 ||| Stepping ~*~*~tactically~*~*~ (outnumbered).
  7534 | D:9      | Reached skill level 1 in Invocations
  7535 | D:9      | 7535 ||| INVOKING Heroism.
  7560 | D:9      | 7560 ||| Stepping ~*~*~tactically~*~*~ (outnumbered).
  7562 | D:9      | 7562 ||| Stepping ~*~*~tactically~*~*~ (outnumbered).
  7564 | D:9      | 7564 ||| Stepping ~*~*~tactically~*~*~ (outnumbered).
  7627 | D:9      | 7627 ||| Stepping ~*~*~tactically~*~*~ (outnumbered).
  7629 | D:9      | 7629 ||| Stepping ~*~*~tactically~*~*~ (outnumbered).
  7635 | D:9      | 7635 ||| INVOKING Heroism.
  7643 | D:9      | Reached XP level 11. HP: 49/71 MP: 12/12
  7799 | D:9      | Reached skill level 3 in Invocations
  7812 | D:9      | 7812 ||| INVOKING Heroism.
  7960 | D:9      | 7960 ||| DROPPING ring of wizardry.
  7969 | D:8      | Noticed Maggie
  7986 | D:8      | Killed Maggie
  8012 | D:8      | Noticed Joseph
  8018 | D:8      | Found a staircase to the Lair.
  8019 | D:8      | 8019 ||| INVOKING Heroism.
  8033 | D:8      | Killed Joseph
  8072 | D:8      | Noticed a two-headed ogre
  8073 | D:8      | 8073 ||| INVOKING Heroism.
  8081 | D:8      | Killed a two-headed ogre
  8081 | D:8      | Reached ** piety under Okawaru
  8082 | D:8      | Reached skill level 14 in Ranged Weapons
  8167 | D:8      | Found a stormy altar of Qazlal.
  8220 | D:8      | 8220 ||| INVOKING Heroism.
  8421 | D:8      | Found a hazy altar of Hepliaklqana.
  8673 | D:8      | 8673 ||| PLANNING LAIR
  8673 | D:8      | 8673 ||| READING scroll labelled WYONIE XYNALYW.
  8673 | D:8      | Identified a scroll of acquirement
  8673 | D:8      | 8673 ||| ACQUIRING 1144 gold pieces
  8673 | D:8      | Acquired 1144 gold pieces
  8675 | D:8      | 8675 ||| READING 2 scrolls of identify.
  8675 | D:8      | 8675 ||| IDENTIFYING smoky white potion
  8681 | Lair:1   | Entered Level 1 of the Lair of Beasts
  8684 | Lair:1   | 8684 ||| INVOKING Heroism.
  8706 | Lair:1   | 8706 ||| INVOKING Heroism.
  8824 | Lair:1   | 8824 ||| INVOKING Heroism.
  8863 | Lair:1   | 8863 ||| INVOKING Heroism.
  8989 | Lair:1   | Identified the +3 scale mail of Sin {rF+ Slay+5}
  9016 | Lair:1   | Noticed a faun
  9018 | Lair:1   | 9018 ||| RETREATING.
  9022 | Lair:1   | 9022 ||| INVOKING Heroism.
  9038 | Lair:1   | Killed a faun
  9068 | Lair:1   | 9068 ||| INVOKING Heroism.
  9076 | Lair:1   | Reached skill level 15 in Ranged Weapons
  9142 | Lair:1   | 9142 ||| RETREATING.
  9150 | Lair:1   | 9150 ||| RETREATING.
  9153 | Lair:1   | 9153 ||| Stepping ~*~*~tactically~*~*~ (retreating).
  9159 | Lair:1   | 9159 ||| FLEEEEING.
  9160 | Lair:1   | 9160 ||| FLEEEEING.
  9161 | Lair:1   | 9161 ||| FLEEEEING.
  9166 | Lair:1   | 9166 ||| FLEEEEING.
  9167 | Lair:1   | 9167 ||| FLEEEEING.
  9168 | Lair:1   | 9168 ||| FLEEEEING.
  9169 | Lair:1   | 9169 ||| FLEEEEING.
  9170 | Lair:1   | 9170 ||| FLEEEEING.
  9171 | Lair:1   | 9171 ||| FLEEEEING.
  9173 | Lair:1   | 9173 ||| FLEEEEING.
  9174 | Lair:1   | 9174 ||| FLEEEEING.
  9237 | Lair:1   | 9237 ||| RETREATING.
  9262 | Lair:1   | Reached *** piety under Okawaru
  9386 | Lair:1   | Reached XP level 12. HP: 77/77 MP: 15/15
  9388 | Lair:1   | 9388 ||| INVOKING Heroism.
  9784 | Lair:2   | 9784 ||| STAIRDANCE
  9792 | Lair:2   | 9792 ||| STAIRDANCE
  9794 | Lair:1   | 9794 ||| Stepping ~*~*~tactically~*~*~ (retreating).
  9797 | Lair:1   | 9797 ||| INVOKING Heroism.
  9811 | Lair:1   | HP: 14/77 [black mamba (11)]
  9812 | Lair:1   | 9812 ||| READING 4 scrolls of teleportation.
  9813 | Lair:1   | 9813 ||| DRINKING 2 potions of heal wounds.
  9938 | Lair:2   | 9938 ||| STAIRDANCE
  9940 | Lair:1   | 9940 ||| INVOKING Heroism.
  9959 | Lair:2   | 9959 ||| STAIRDANCE
  9986 | Lair:2   | 9986 ||| STAIRDANCE
 10023 | Lair:2   | 10023 ||| STAIRDANCE
 10049 | Lair:2   | 10049 ||| STAIRDANCE
 10098 | Lair:2   | 10098 ||| STAIRDANCE
 10149 | Lair:2   | 10149 ||| STAIRDANCE
 10198 | Lair:2   | 10198 ||| STAIRDANCE
 10243 | Lair:2   | Reached skill level 16 in Ranged Weapons
 10288 | Lair:2   | Found a staircase to the Swamp.
 10288 | Lair:2   | Noticed an eleionoma
 10304 | Lair:2   | 10304 ||| Stepping ~*~*~tactically~*~*~ (retreating).
 10305 | Lair:2   | 10305 ||| Stepping ~*~*~tactically~*~*~ (retreating).
 10306 | Lair:2   | 10306 ||| Stepping ~*~*~tactically~*~*~ (retreating).
 10307 | Lair:2   | 10307 ||| RETREATING.
 10312 | Lair:2   | 10312 ||| INVOKING Heroism.
 10313 | Lair:2   | Killed an eleionoma
 10315 | Lair:2   | Noticed a skyshark
 10328 | Lair:2   | HP: 10/79 [skyshark (12)]
 10329 | Lair:2   | 10329 ||| READING 3 scrolls of teleportation.
 10330 | Lair:2   | 10330 ||| DRINKING potion of heal wounds.
 10349 | Lair:2   | 10349 ||| FLEEEEING.
 10442 | Lair:2   | 10442 ||| INVOKING Heroism.
 10450 | Lair:2   | 10450 ||| Stepping ~*~*~tactically~*~*~ (retreating).
 10451 | Lair:2   | 10451 ||| Stepping ~*~*~tactically~*~*~ (retreating).
 10452 | Lair:2   | 10452 ||| Stepping ~*~*~tactically~*~*~ (retreating).
 10470 | Lair:2   | 10470 ||| INVOKING Heroism.
 10470 | Lair:2   | HP: 17/79 [skyshark (3)]
 10471 | Lair:2   | 10471 ||| READING 2 scrolls of teleportation.
 10474 | Lair:2   | Killed a skyshark
 10475 | Lair:2   | 10475 ||| RETREATING.
 10476 | Lair:2   | 10476 ||| READING scroll of teleportation.
 10477 | Lair:2   | 10477 ||| Stepping ~*~*~tactically~*~*~ (retreating).
 10478 | Lair:2   | 10478 ||| Stepping ~*~*~tactically~*~*~ (retreating).
 10478 | Lair:2   | Slain by a cane toad

Levels and vault maps discovered:
D:1:      minmay_arrival_shattered_statue, layout_loops_ring,
          hellmonk_ecumenical_altar_leap_of_faith
D:2:      layout_basic, basic_altar
D:3:      kennysheep_big_flooded_room, layout_loops_ring,
          gammafunk_ghost_stat_death, grunt_ministairs_9, hangedman_decor_push
D:4:      wad_lake_hut, layout_cave_pools, eino_tiny_chamber,
          minmay_ruined_shrine
D:5:      cheibrodos_barr_body, layout_basic, lemuel_doored_altar
D:6:      layout_loops_corners, kennysheep_potato
D:7:      layout_loops_cross, kb_xom_exploding_sheep,
          minmay_temple_entry_junction
D:8:      layout_loops_ring, mainiacjoe_overflow_brackets,
          nicolae_qazlal_eye_of_the_storm, nicolae_overflow_hidden_temple,
          david_lair_shrubbed, uniq_maggie, uniq_joseph, uniq_grum
D:9:      layout_loops_ring, minmay_orc_entry_temple_small, enter_bailey_3
Temple:   nicolae_temple_superstar
Lair:1:   layout_chaotic_city, grunt_forest_large_clearings
Lair:2:   layout_cellular_growth, alex1729_swamp_entry_worm_eleionoma,
          nicolae_snake_entry_warm_welcome, serial_bayou, serial_bayou_shore_b,
          serial_bayou_pond_a, serial_bayou_pond_c, serial_bayou_pond_d,
          serial_bayou_pond_d, chequers_serial_rivers_micro_b, evilmike_ambush
          [evilmike_ambush_outer_basic, evilmike_ambush_inner_basic], uniq_erica

Skill      XL: |  1  2  3  4  5  6  7  8  9 10 11 12 |
---------------+-------------------------------------+-----
Ranged Weapons | 5 6 7 8 10 11 13 15 16 | 16.0
Armour         | 1 3 |  3.0
Fighting       | 3 4 5 6 9 10 11 | 11.0
Dodging        | 2 3 4 5 |  5.0
Invocations    | 2 4 |  4.1
Stealth        | |  1.1

Action                     |  1- 3 |  4- 6 |  7- 9 | 10-12 || total
---------------------------+-------+-------+-------+-------++-------
   Fire: Shortbow          |   115 |   119 |   356 |       ||   590
         Orcbow            |       |       |    21 |   668 ||   689
 Invoke: Heroism           |       |       |       |    19 ||    19
    Use: Scroll            |     2 |     3 |    10 |     9 ||    24
         Potion            |     1 |     2 |     5 |     4 ||    12
 Armour: Leather armour    |    17 |       |    19 |   253 ||   289
         Ring mail         |     5 |    41 |   137 |       ||   183
  Dodge: Dodged            |    22 |    23 |   149 |   247 ||   441
  Block: Other             |       |       |    29 |    75 ||   104
         Reflection        |       |       |     5 |     7 ||    12

Table legend:
 A = Non-vault XP
 B = Vault XP
 C = Vault XP percentage of total XP
 D = Non-vault monster count
 E = Vault monster count
 F = Vault count percentage of total count
                 A         B        C        D         E       F
            +---------+---------+-------+---------+---------+-------
      Total |   18661 |    5599 |  23.1 |     223 |      52 |  18.9
            +---------+---------+-------+---------+---------+-------
        D:1 |      68 |       0 |   0.0 |      37 |       0 |   0.0
        D:2 |      42 |       0 |   0.0 |      17 |       0 |   0.0
        D:3 |      65 |       6 |   8.5 |      19 |       4 |  17.4
        D:4 |     438 |     113 |  20.5 |      17 |       7 |  29.2
        D:5 |     904 |     460 |  33.7 |      16 |      13 |  44.8
        D:6 |     852 |      43 |   4.8 |      17 |       2 |  10.5
        D:7 |    2918 |       0 |   0.0 |      27 |       0 |   0.0
        D:8 |    2227 |    1765 |  44.2 |      18 |       7 |  28.0
        D:9 |    3412 |     169 |   4.7 |      24 |      11 |  31.4
     Lair:1 |    6123 |    1411 |  18.7 |      25 |       5 |  16.7
     Lair:2 |    1612 |    1632 |  50.3 |       6 |       3 |  33.3
            +---------+---------+-------+---------+---------+-------
